General information
			
			
        
        - name: BNet
 
        - type: Ladder team game (AT/RT)
 
        - host: Battle.net
 
        - saver: FriendlyTyler
 
        
map: Dragonblight 
        - players: 6
 
        - length: 43:41
 
        - speed: Fast
 - version: 1.22 W3XP
 - replay type:  

 
» download(218 KB)
Players
        team 1 (winner) 
              
              
FriendlyMata (
green | 87 APM | 3796 actions | 43:41)
              
 4 Archmage 
 2 Blizzard
 2 Brilliance Aura
 
                » actions 
                
                | Assign group hotkey | 181 |  | 
| Basic commands | 33 |  | 
| Build / train | 166 |  | 
| Enter build submenu | 71 |  | 
| Enter hero's abilities submenu | 4 |  | 
| Remove unit from queue | 5 |  | 
| Right click | 1636 |  | 
| Select / deselect | 602 |  | 
| Select group hotkey | 1014 |  | 
| Use ability | 84 |  | 
                3796 total
 » units 
                
                | Peasant | 22 |  | 
| Flying Machine | 43 |  | 
                65 total
 » upgrades
                
                | Masonry | 3 |  | 
| Lumber Harvesting | 1 |  | 
| Gunpowder | 3 |  | 
| Flak Cannons | 1 |  | 
| Flying Machine Bombs | 1 |  | 
| Plating | 3 |  | 
                12 total
 » buildings
                
                | Altar of Kings | 1 |  | 
| Farm | 14 |  | 
| Lumber Mill | 1 |  | 
| Scout Tower | 42 |  | 
| Guard Tower | 64 |  | 
| Keep | 1 |  | 
| Blacksmith | 2 |  | 
| Castle | 1 |  | 
| Workshop | 2 |  | 
| Arcane Vault | 1 |  | 
| Town Hall | 1 |  | 
                130 total
 » build order
                00:05 Altar of Kings
00:18 Farm
00:23 Lumber Mill
01:23 Farm
01:59 Scout Tower
02:05 Scout Tower
02:16 Scout Tower
02:18 Scout Tower
02:45 Guard Tower
02:46 Guard Tower
02:47 Scout Tower
02:49 Guard Tower
02:50 Scout Tower
03:16 Guard Tower
03:33 Guard Tower
03:33 Guard Tower
03:35 Scout Tower
03:46 Scout Tower
03:51 Scout Tower
04:03 Guard Tower
04:03 Guard Tower
04:06 Scout Tower
04:07 Scout Tower
04:18 Farm
04:20 Guard Tower
04:21 Scout Tower
04:23 Guard Tower
04:24 Guard Tower
04:25 Scout Tower
04:29 Scout Tower
04:40 Scout Tower
04:53 Guard Tower
04:56 Guard Tower
05:01 Scout Tower
05:12 Guard Tower
05:20 Scout Tower
05:22 Guard Tower
05:27 Scout Tower
05:39 Guard Tower
05:39 Guard Tower
05:43 Scout Tower
05:44 Scout Tower
05:59 Guard Tower
05:59 Guard Tower
05:59 Guard Tower
06:00 Guard Tower
06:01 Guard Tower
06:01 Guard Tower
06:19 Guard Tower
06:20 Scout Tower
06:21 Guard Tower
06:22 Guard Tower
06:26 Scout Tower
06:58 Guard Tower
06:58 Guard Tower
07:01 Scout Tower
07:02 Scout Tower
07:03 Scout Tower
07:19 Scout Tower
07:24 Scout Tower
07:30 Guard Tower
07:31 Guard Tower
07:31 Guard Tower
07:31 Guard Tower
07:55 Guard Tower
07:55 Guard Tower
07:55 Guard Tower
07:57 Guard Tower
07:57 Guard Tower
07:57 Guard Tower
08:08 Keep
08:13 Scout Tower
08:15 Scout Tower
08:18 Scout Tower
08:22 Scout Tower
09:19 Blacksmith
10:25 Guard Tower
10:28 Guard Tower
10:43 Castle
11:30 Scout Tower
11:31 Scout Tower
12:02 Guard Tower
12:19 Farm
12:23 Farm
12:42 Guard Tower
13:07 Blacksmith
13:12 Workshop
13:12 Workshop
13:24 Arcane Vault
14:46 Farm
15:29 Town Hall
15:32 Scout Tower
15:32 Scout Tower
15:33 Scout Tower
15:34 Scout Tower
15:35 Scout Tower
15:36 Scout Tower
16:30 Guard Tower
20:47 Guard Tower
20:47 Guard Tower
30:05 Farm
30:05 Farm
30:06 Farm
31:32 Scout Tower
31:33 Scout Tower
31:33 Scout Tower
31:39 Farm
31:39 Farm
31:40 Farm
31:40 Farm
31:42 Farm
32:09 Guard Tower
» items
                
                | Scroll of Regeneration | 1 |  | 
| Potion of Healing | 2 |  | 
                3 total
  
               
              
              
FriendlyTyler (
teal | 104 APM | 4527 actions | 43:41)
              
 10 Archmage 
 3 Blizzard
 3 Brilliance Aura
 1 Mass Teleport
 3 Summon Water Elemental
 
                » actions 
                
                | Assign group hotkey | 16 |  | 
| Basic commands | 24 |  | 
| Build / train | 116 |  | 
| Enter build submenu | 70 |  | 
| Enter hero's abilities submenu | 11 |  | 
| Give item / drop item | 1 |  | 
| Remove unit from queue | 13 |  | 
| Right click | 2726 |  | 
| Select / deselect | 450 |  | 
| Select group hotkey | 871 |  | 
| Use ability | 226 |  | 
                4527 total
 » units 
                
                | Peasant | 19 |  | 
| Priest | 4 |  | 
| Sorceress | 1 |  | 
| Blue Dragon | 9 |  | 
| Blue Dragon Whelp | 1 |  | 
| Goblin Sapper | 4 |  | 
                38 total
 » upgrades
                
                | Masonry | 3 |  | 
| Lumber Harvesting | 2 |  | 
| Magic Sentry | 1 |  | 
| Priest Training | 1 |  | 
| Sorceress Training | 1 |  | 
                8 total
 » buildings
                
                | Altar of Kings | 1 |  | 
| Farm | 13 |  | 
| Lumber Mill | 1 |  | 
| Scout Tower | 69 |  | 
| Arcane Tower | 5 |  | 
| Guard Tower | 28 |  | 
| Keep | 3 |  | 
| Arcane Sanctum | 1 |  | 
| Town Hall | 1 |  | 
| Castle | 1 |  | 
| Arcane Vault | 1 |  | 
                124 total
 » build order
                00:13 Altar of Kings
00:20 Farm
01:01 Farm
01:37 Lumber Mill
02:50 Scout Tower
03:20 Arcane Tower
03:39 Scout Tower
04:11 Guard Tower
04:11 Guard Tower
04:11 Guard Tower
04:29 Scout Tower
04:48 Scout Tower
04:59 Guard Tower
05:00 Scout Tower
05:31 Guard Tower
05:32 Scout Tower
05:33 Scout Tower
05:34 Scout Tower
05:46 Keep
05:46 Keep
06:03 Guard Tower
06:05 Scout Tower
06:06 Scout Tower
06:07 Scout Tower
06:08 Scout Tower
06:39 Guard Tower
06:42 Scout Tower
06:43 Scout Tower
06:45 Scout Tower
06:47 Scout Tower
06:54 Guard Tower
06:56 Scout Tower
06:57 Scout Tower
06:58 Scout Tower
07:06 Arcane Tower
07:24 Guard Tower
07:27 Farm
08:14 Guard Tower
08:26 Guard Tower
08:30 Scout Tower
08:31 Scout Tower
08:32 Scout Tower
08:33 Scout Tower
10:02 Arcane Sanctum
10:05 Guard Tower
10:09 Scout Tower
10:10 Scout Tower
10:12 Scout Tower
10:13 Scout Tower
10:23 Scout Tower
10:24 Scout Tower
10:43 Guard Tower
10:44 Guard Tower
10:44 Guard Tower
11:29 Guard Tower
11:39 Farm
11:41 Farm
11:42 Farm
12:54 Town Hall
13:11 Scout Tower
13:12 Scout Tower
13:18 Scout Tower
13:22 Scout Tower
13:27 Castle
13:32 Arcane Vault
13:47 Guard Tower
14:21 Guard Tower
14:22 Scout Tower
14:25 Scout Tower
14:27 Scout Tower
14:40 Scout Tower
14:41 Scout Tower
14:42 Scout Tower
14:43 Scout Tower
14:44 Scout Tower
14:45 Scout Tower
14:46 Scout Tower
14:47 Scout Tower
14:48 Scout Tower
14:49 Scout Tower
14:50 Scout Tower
15:01 Guard Tower
15:22 Arcane Tower
16:04 Guard Tower
16:42 Guard Tower
18:58 Farm
18:59 Farm
19:00 Farm
19:02 Farm
19:03 Farm
19:12 Scout Tower
19:13 Scout Tower
19:14 Scout Tower
20:18 Guard Tower
21:24 Guard Tower
23:10 Farm
23:10 Farm
23:32 Scout Tower
23:32 Scout Tower
24:16 Guard Tower
26:49 Scout Tower
26:50 Scout Tower
26:51 Scout Tower
26:53 Scout Tower
28:54 Guard Tower
29:03 Scout Tower
29:03 Scout Tower
29:04 Scout Tower
29:06 Scout Tower
29:35 Guard Tower
30:16 Scout Tower
30:16 Scout Tower
30:17 Scout Tower
30:17 Scout Tower
31:15 Guard Tower
31:23 Scout Tower
32:04 Scout Tower
32:12 Scout Tower
33:07 Arcane Tower
35:50 Scout Tower
36:38 Arcane Tower
» items
                
                | Boots of Speed | 1 |  | 
| Staff of Teleportation | 1 |  | 
| Potion of Lesser Invulnerability | 2 |  | 
| Staff of Sanctuary | 1 |  | 
| Scroll of Town Portal | 1 |  | 
| Scroll of Regeneration | 1 |  | 
                7 total
  
               
              
              
» 
Gelceea (
purple | 5 APM | 221 actions | 43:40)
              
 2 Priestess of the Moon 
 1 Searing Arrows
 1 Trueshot Aura
 
                » actions 
                
                | Build / train | 11 |  | 
| Enter build submenu | 4 |  | 
| Enter hero's abilities submenu | 2 |  | 
| Right click | 62 |  | 
| Select / deselect | 132 |  | 
| Use ability | 10 |  | 
                221 total
 » units 
                » buildings
                
                | Moon Well | 2 |  | 
| Altar of Elders | 1 |  | 
| Ancient of War | 1 |  | 
                4 total
 » build order
                00:21 Moon Well
00:35 Altar of Elders
01:15 Moon Well
01:39 Ancient of War
 
               team 2 (loser) 
              
              
» 
FriendsIsTheBES (
yellow | 34 APM | 1464 actions | 43:39)
              
 2 Keeper of the Grove 
 1 Thorns Aura
 1 Force of Nature
 
                » actions 
                
                | Assign group hotkey | 1 |  | 
| Basic commands | 11 |  | 
| Build / train | 30 |  | 
| ESC pressed | 9 |  | 
| Enter build submenu | 196 |  | 
| Enter hero's abilities submenu | 2 |  | 
| Right click | 625 |  | 
| Select / deselect | 312 |  | 
| Select group hotkey | 54 |  | 
| Use ability | 224 |  | 
                1464 total
 » units 
                » buildings
                
                | Altar of Elders | 1 |  | 
| Moon Well | 182 |  | 
| Tree of Life | 2 |  | 
                185 total
 » build order
                00:16 Altar of Elders
00:25 Moon Well
01:37 Moon Well
03:08 Moon Well
03:09 Moon Well
03:15 Moon Well
03:33 Tree of Life
04:09 Moon Well
04:11 Moon Well
05:07 Moon Well
05:11 Moon Well
05:51 Moon Well
06:16 Moon Well
06:52 Moon Well
07:50 Moon Well
08:21 Moon Well
08:22 Moon Well
09:19 Moon Well
09:20 Moon Well
09:29 Moon Well
10:21 Moon Well
10:22 Moon Well
10:31 Moon Well
12:52 Moon Well
12:53 Moon Well
12:55 Moon Well
12:57 Moon Well
12:58 Moon Well
13:07 Moon Well
13:08 Moon Well
13:09 Moon Well
13:10 Moon Well
13:11 Moon Well
14:17 Moon Well
14:20 Moon Well
14:23 Moon Well
14:26 Moon Well
14:27 Moon Well
15:20 Moon Well
15:25 Moon Well
15:26 Moon Well
15:27 Moon Well
15:28 Moon Well
16:18 Moon Well
16:20 Moon Well
16:21 Moon Well
16:28 Moon Well
16:29 Moon Well
16:31 Moon Well
16:33 Moon Well
17:14 Moon Well
17:35 Moon Well
17:38 Moon Well
17:40 Moon Well
17:41 Moon Well
17:48 Moon Well
18:15 Moon Well
18:49 Moon Well
18:50 Moon Well
19:17 Moon Well
19:21 Moon Well
19:24 Moon Well
19:34 Moon Well
19:35 Moon Well
19:37 Moon Well
19:54 Moon Well
19:55 Moon Well
20:12 Moon Well
20:14 Moon Well
20:22 Moon Well
20:31 Moon Well
20:57 Moon Well
20:59 Moon Well
21:04 Moon Well
21:08 Moon Well
21:23 Moon Well
21:26 Moon Well
21:35 Moon Well
21:43 Moon Well
21:52 Moon Well
22:00 Moon Well
22:27 Moon Well
22:37 Moon Well
22:55 Moon Well
23:21 Moon Well
23:52 Moon Well
23:56 Moon Well
24:06 Moon Well
24:23 Moon Well
24:45 Moon Well
25:03 Moon Well
25:18 Moon Well
25:36 Moon Well
26:04 Moon Well
27:02 Moon Well
27:13 Moon Well
27:30 Moon Well
27:57 Moon Well
28:15 Tree of Life
28:33 Moon Well
28:35 Moon Well
28:51 Moon Well
29:09 Moon Well
29:31 Moon Well
29:46 Moon Well
30:27 Moon Well
30:35 Moon Well
30:51 Moon Well
30:53 Moon Well
30:54 Moon Well
31:24 Moon Well
31:30 Moon Well
31:38 Moon Well
31:41 Moon Well
31:50 Moon Well
31:53 Moon Well
32:02 Moon Well
32:22 Moon Well
32:26 Moon Well
32:30 Moon Well
32:35 Moon Well
32:42 Moon Well
32:50 Moon Well
32:50 Moon Well
33:03 Moon Well
33:22 Moon Well
33:24 Moon Well
33:30 Moon Well
33:39 Moon Well
33:49 Moon Well
33:55 Moon Well
34:01 Moon Well
34:16 Moon Well
34:19 Moon Well
34:25 Moon Well
34:33 Moon Well
34:42 Moon Well
34:52 Moon Well
35:00 Moon Well
35:14 Moon Well
35:20 Moon Well
35:28 Moon Well
35:37 Moon Well
35:49 Moon Well
35:58 Moon Well
36:05 Moon Well
36:13 Moon Well
36:23 Moon Well
36:27 Moon Well
36:38 Moon Well
36:41 Moon Well
36:55 Moon Well
37:01 Moon Well
37:12 Moon Well
37:18 Moon Well
37:21 Moon Well
37:26 Moon Well
37:37 Moon Well
37:48 Moon Well
37:55 Moon Well
38:07 Moon Well
38:13 Moon Well
38:22 Moon Well
38:30 Moon Well
38:48 Moon Well
39:23 Moon Well
39:26 Moon Well
39:28 Moon Well
39:34 Moon Well
39:35 Moon Well
39:37 Moon Well
39:40 Moon Well
39:44 Moon Well
40:25 Moon Well
40:43 Moon Well
40:48 Moon Well
41:53 Moon Well
41:54 Moon Well
41:56 Moon Well
41:58 Moon Well
41:59 Moon Well
42:20 Moon Well
42:38 Moon Well
42:59 Moon Well
43:01 Moon Well
» items
                
                | Boots of Speed | 1 |  | 
| Staff of Teleportation | 1 |  | 
                2 total
  
               
              
              
XxramboPlxX (
orange | 25 APM | 815 actions | 32:58)
              
 3 Priestess of the Moon 
 2 Searing Arrows
 1 Trueshot Aura
 
                » actions 
                
                | Assign group hotkey | 6 |  | 
| Basic commands | 14 |  | 
| Build / train | 68 |  | 
| Enter build submenu | 22 |  | 
| Enter hero's abilities submenu | 3 |  | 
| Remove unit from queue | 1 |  | 
| Right click | 236 |  | 
| Select / deselect | 409 |  | 
| Select group hotkey | 30 |  | 
| Use ability | 26 |  | 
                815 total
 » units 
                
                | Wisp | 13 |  | 
| Archer | 13 |  | 
| Dryad | 13 |  | 
| Mountain Giant | 3 |  | 
| Glaive Thrower | 5 |  | 
                47 total
 » upgrades
                
                | Strength of the Moon | 2 |  | 
| Reinforced Hides | 3 |  | 
| Improved Bows | 1 |  | 
| Strength of the Wild | 3 |  | 
| Abolish Magic | 1 |  | 
| Marksmanship | 1 |  | 
| Resistant Skin | 1 |  | 
| Hardened Skin | 1 |  | 
| Vorpal Blades | 1 |  | 
                14 total
 » buildings
                
                | Altar of Elders | 1 |  | 
| Moon Well | 10 |  | 
| Ancient of War | 1 |  | 
| Hunter's Hall | 1 |  | 
| Tree of Ages | 1 |  | 
| Ancient of Lore | 2 |  | 
| Tree of Eternity | 1 |  | 
| Ancient of Wonders | 1 |  | 
| Tree of Life | 1 |  | 
                19 total
 » build order
                00:09 Altar of Elders
00:11 Moon Well
00:29 Ancient of War
02:14 Hunter's Hall
03:09 Moon Well
04:20 Tree of Ages
05:09 Moon Well
06:17 Moon Well
06:47 Ancient of Lore
07:37 Moon Well
09:09 Ancient of Lore
12:36 Moon Well
13:35 Moon Well
14:22 Tree of Eternity
14:29 Moon Well
15:26 Moon Well
17:34 Moon Well
18:34 Ancient of Wonders
21:44 Tree of Life
 
               
              
              
ba3ster (
blue | 51 APM | 2187 actions | 43:01)
              
 4 Blademaster 
 2 Wind Walk
 2 Critical Strike
 2 Shadow Hunter 
 1 Healing Wave
 1 Hex
 
                » actions 
                
                | Assign group hotkey | 3 |  | 
| Basic commands | 79 |  | 
| Build / train | 102 |  | 
| ESC pressed | 1 |  | 
| Enter build submenu | 58 |  | 
| Enter hero's abilities submenu | 6 |  | 
| Remove unit from queue | 5 |  | 
| Right click | 1249 |  | 
| Select / deselect | 529 |  | 
| Select group hotkey | 7 |  | 
| Use ability | 142 |  | 
                2187 total
 » units 
                
                | Peon | 21 |  | 
| Grunt | 10 |  | 
| Demolisher | 13 |  | 
| Raider | 4 |  | 
| Shaman | 2 |  | 
| Tauren | 1 |  | 
| Dryad | 8 |  | 
| Troll Batrider | 8 |  | 
| Wisp | -1 |  | 
                66 total
 » upgrades
                
                | Berserker Strength | 1 |  | 
| Pillage | 1 |  | 
| Shaman Training | 2 |  | 
| Melee Weapons | 3 |  | 
| Armor | 3 |  | 
| Burning Oil | 1 |  | 
| Pulverize | 1 |  | 
| Ensnare | 1 |  | 
| Reinforced Defenses | 1 |  | 
| Ranged Weapons | 2 |  | 
| Ultravision | 1 |  | 
                17 total
 » buildings
                
                | Orc Burrow | 9 |  | 
| Altar of Storms | 1 |  | 
| Barracks | 2 |  | 
| Stronghold | 1 |  | 
| Voodoo Lounge | 2 |  | 
| Spirit Lodge | 1 |  | 
| War Mill | 2 |  | 
| Fortress | 1 |  | 
| Tauren Totem | 4 |  | 
| Beastiary | 6 |  | 
| Watch Tower | 17 |  | 
| Great Hall | 1 |  | 
| Tree of Ages | 1 |  | 
| Moon Well | 1 |  | 
| Tree of Life | 1 |  | 
                50 total
 » build order
                00:03 Orc Burrow
00:05 Altar of Storms
00:11 Barracks
01:54 Orc Burrow
03:49 Stronghold
03:56 Orc Burrow
05:11 Orc Burrow
06:15 Voodoo Lounge
06:16 Spirit Lodge
06:22 War Mill
07:51 Barracks
07:59 Fortress
09:59 Orc Burrow
10:28 Tauren Totem
11:41 Orc Burrow
12:13 Tauren Totem
12:27 Orc Burrow
12:33 Orc Burrow
12:36 Orc Burrow
13:26 Beastiary
13:32 Beastiary
13:36 Watch Tower
13:38 Beastiary
13:39 Tauren Totem
13:40 Watch Tower
13:41 Watch Tower
18:57 Beastiary
19:00 Tauren Totem
19:01 Watch Tower
19:04 Watch Tower
19:08 Watch Tower
22:22 Watch Tower
22:24 Watch Tower
22:24 Watch Tower
23:36 Beastiary
23:37 Watch Tower
24:25 Watch Tower
24:26 Watch Tower
24:34 War Mill
26:41 Great Hall
29:27 Watch Tower
33:54 Voodoo Lounge
35:50 Watch Tower
35:50 Watch Tower
37:43 Watch Tower
41:38 Beastiary
41:49 Tree of Ages
41:51 Moon Well
42:31 Tree of Life
42:54 Watch Tower
» items
                
                | Orb of Lightning | 1 |  | 
| Potion of Healing | 1 |  | 
| Scroll of Speed | 1 |  | 
                3 total
  
                Chat log
          (00:42 / Allies) Gelceea: hi
(00:44 / All) FriendlyTyler: un peu
(00:45 / Allies) FriendlyMata: hello
(01:23 / All) FriendlyTyler: ton of wells eh
(01:26 / All) FriendlyTyler: chat hack enable
(01:31 / All) FriendsIsTheBES: wthat the f*ck
(01:54 / All) FriendsIsTheBES: stop ur hack cease and decist
(02:08 / All) FriendlyTyler: LEAVE
(02:12 / All) FriendlyTyler: I COMMAND PURP
(02:37 / All) ba3ster: wtf????
(05:34 / All) FriendlyTyler: baester
(05:35 / All) FriendlyTyler: u at a internat cafey?
(05:41 / All) ba3ster: lol no
(07:06 / All) FriendsIsTheBES: ganna infiltrate them
(07:08 / All) FriendsIsTheBES: HOLY CRAP
(10:11 / All) Gelceea: If you build air you can circumvent their towers and waste their camps
(11:07 / All) Gelceea: They are towering the pathways and it seems on of your team is with them
(11:12 / Allies) Gelceea: o
(11:14 / All) FriendsIsTheBES: who
(11:18 / All) Gelceea: One of your team
(11:22 / All) FriendsIsTheBES: who the fuck
(11:47 / All) Gelceea: Friendslsbes is 
(11:54 / Allies) FriendlyTyler: shh
(11:56 / Allies) FriendlyTyler: he's the defector
(12:01 / Allies) FriendlyTyler: we had to off you, to make room for him
(12:07 / All) Gelceea: They all have friend as a prefix
(12:20 / All) Gelceea: Go air and the game is yours
(12:35 / All) Gelceea: and fly around their towers
(12:45 / Allies) FriendlyTyler: what wrong with you?
(12:47 / Allies) FriendlyTyler: stop helping them
(12:58 / Allies) Gelceea: jerk
(13:35 / All) Gelceea: they killed me to make room for the defector lol
(16:11 / Allies) FriendlyMata: purple can you upgrade your wells. thank's
(18:01 / All) Gelceea: You should have listened to me
(18:06 / Allies) FriendlyTyler: you should have been quiet.
(18:23 / Allies) Gelceea: You should not have attacked me, jerk
(19:29 / All) FriendlyTyler: fat noob rambo
(19:32 / All) FriendlyTyler: loses dryads to a tower
(20:02 / All) FriendlyTyler: looking what?
(25:35 / All) FriendlyTyler: stop resisting
(25:47 / All) FriendlyTyler: no leave him
(25:48 / All) Gelceea: no kill me
(25:49 / All) FriendlyTyler: hes on your side
(26:07 / All) Gelceea: weeners
(32:49 / All) FriendlyTyler: u guys play this game before?
(37:52 / All) FriendlyTyler: monch
(42:14 / All) FriendlyTyler: i love this maze
(42:25 / All) FriendsIsTheBES: IOTS ON ATO1